 Dungeon Sprint DCSS version 0.26-a0-739-gf55cbd344a (webtiles) character file.

Game seed: 14290388275725949882

47 rocky1 the Chiller (level 3, 0/39 HPs)
             Began as a Draconian Ice Elementalist on Nov 6, 2020.
             Was a Priest of Sif Muna.
             Slain by a centaur (9 damage)
             ... in the Dungeon (Sprint VII: "The Pits").
             The game lasted 00:02:16 (358 turns).

rocky1 the Chiller (Draconian Ice Elementalist)      Turns: 358, Time: 00:02:17

Health: 0/39       AC:  5    Str: 10    XL:     3   Next: 48%
Magic:  5/7        EV: 13    Int: 16    God:    Sif Muna [***...]
Gold:   0          SH:  0    Dex: 11    Spells: 7/8 levels left

rFire    . . .     SeeInvis .   l - +0 quarterstaff (speed)
rCold    . . .     Faith    .   (shield currently unavailable)
rNeg     . . .     Spirit   .   (armour unavailable)
rPois    .         Reflect  .   (helmet restricted)
rElec    .         Harm     .   (no cloak)
rCorr    .         Rampage  .   (no gloves)
MR       .....     NoTele   +   (no boots)
Stlth    ..........             (no amulet)
HPRegen  0.13/turn              (no ring)
MPRegen  0.10/turn              (no ring)

@: berserking, very slightly contaminated, invisible, very quick
A: unfitting armour, cold-blooded, AC +5
a: Channel Magic, Forget Spell, Renounce Religion


You were in the Dungeon.
You worshipped Sif Muna.
Sif Muna was most pleased with you.
You visited 1 branch

Inventory:

Hand Weapons
 a - a +2 quarterstaff
 l - a +0 quarterstaff of speed (weapon)
 m - a +2 long sword of flaming
Scrolls
 g - a scroll of blinking
 i - 3 scrolls of remove curse
 j - 5 scrolls of amnesia
 k - a scroll of summoning
Potions
 b - 6 potions of curing
 c - 5 potions of heal wounds
 d - a potion of haste
 e - 4 potions of magic
 f - 2 potions of berserk rage
 h - a potion of invisibility


   Skills:
 + Level 2.6 Staves
 + Level 3.2 Dodging
 - Level 1.7 Stealth
 + Level 3.3 Spellcasting
 + Level 5.3 Ice Magic
 + Level 3.0 Invocations


You had 7 spell levels left.
You knew the following spells:

 Your Spells              Type           Power        Failure   Level
a - Freeze                Ice            ###.         1%          1

Your spell library contained the following spells:

 Spells                   Type           Power        Failure   Level
 Frozen Ramparts          Ice            ###...       6%          3
 Ozocubu's Armour         Ice            ###.....     6%          3
 Hailstorm                Conj/Ice       ##......     52%         4
 Summon Ice Beast         Ice/Summ       ##......     52%         4


Dungeon Overview and Level Annotations

Branches:
Dungeon (1/1)

Altars:
Ashenzari
Cheibriados
Dithmenos
Elyvilon
Fedhas
Gozag
Hepliaklqana
Kikubaaqudgha
Makhleb
Nemelex Xobeh
Okawaru
Qazlal
Ru
Sif Muna
Trog
Uskayaw
Vehumet
Wu Jian
Xom
Yredelemnul
Zin
The Shining One
Beogh
Jiyva
Lugonu


Innate Abilities, Weirdness & Mutations

Your plain brown scales are hard. (AC +5)
You cannot fit into any form of body armour.
You are cold-blooded and may be slowed by cold attacks.


Message History

Your Dodging skill increases to level 3!
Your Spellcasting skill increases to level 3!
Your Ice Magic skill increases to level 5!
Your Invocations skill increases to level 3!
You have reached level 3!
Your experience leads to an increase in your attributes!
Increase (S)trength, (I)ntelligence, or (D)exterity?
You feel clever.
Your scales feel tougher.
The big kobold throws a stone.
The stone hits the ogre.
The centaur unwields a +0 shortbow.
The centaur hits you.
* * * LOW HITPOINT WARNING * * *
You strike the helpless centaur from behind!
You sock the centaur! You tail-slap the centaur!
The centaur is severely wounded.
The big kobold throws a stone.
The stone hits the centaur but does no damage.
You hit the centaur.
The centaur is almost dead.
The centaur hits you!
You die...

#'#####'#####.....
#.#.†#..#..##.....
#.#..'÷.)..#####'#
#.##)####+###.....
#.#........##.....
#.#........##.....
#.#####'#####...<.
#.#....).[.##.....
#@#...)))[.##.....
#c###########.....
#Ow# ###### #.K..
##.#.# .....
.#.#.# ... ..# .#
# .+


You could see a big kobold, an ogre, a centaur and a worm (wandering).

Vanquished Creatures
  A wolf (D)
  A gnoll (D)
  A white imp (D)
  An adder skeleton (D)
  2 giant cockroaches (D)
  A quokka (D)
  A frilled lizard (D)
  3 kobolds (D)
  A rat (D)
12 creatures vanquished.

Notes
Turn   | Place    | Note
-------+----------+-------------------------------------------
     0 | D        | rocky1 the Draconian Ice Elementalist began the quest for
                  | the Orb.
     0 | D        | Reached XP level 1. HP: 14/14 MP: 3/3
    42 | D        | Found a bloodstained altar of Trog.
    42 | D        | Found a shimmering blue altar of Sif Muna.
    42 | D        | Found a viscous altar of Jiyva.
    42 | D        | Found a hazy altar of Hepliaklqana.
    42 | D        | Found an opulent altar of Gozag.
    43 | D        | Found a glowing golden altar of the Shining One.
    43 | D        | Found a glowing silver altar of Zin.
    43 | D        | Found a basalt altar of Yredelemnul.
    43 | D        | Found a shimmering altar of Xom.
    43 | D        | Found an ornate altar of the Wu Jian Council.
    43 | D        | Found a sacrificial altar of Ru.
    43 | D        | Found a stormy altar of Qazlal.
    43 | D        | Found an iron altar of Okawaru.
    43 | D        | Found a sparkling altar of Nemelex Xobeh.
    43 | D        | Found a burning altar of Makhleb.
    43 | D        | Found a blossoming altar of Fedhas.
    43 | D        | Found a white marble altar of Elyvilon.
    43 | D        | Found a shadowy altar of Dithmenos.
    43 | D        | Found a snail-covered altar of Cheibriados.
    46 | D        | Found a corrupted altar of Lugonu.
    46 | D        | Found a radiant altar of Vehumet.
    46 | D        | Found a roughly hewn altar of Beogh.
    47 | D        | Found an ancient bone altar of Kikubaaqudgha.
    47 | D        | Found a hide-covered altar of Uskayaw.
    47 | D        | Found a broken altar of Ashenzari.
    48 | D        | Became a worshipper of Sif Muna the Loreminder
    71 | D        | Reached * piety under Sif Muna
    71 | D        | Reached skill level 1 in Staves
    71 | D        | Reached skill level 1 in Invocations
    71 | D        | Reached XP level 2. HP: 12/20 MP: 0/5
   241 | D        | Reached ** piety under Sif Muna
   342 | D        | Noticed a centaur
   342 | D        | Noticed a wolf
   347 | D        | Noticed an ogre
   348 | D        | Reached *** piety under Sif Muna
   349 | D        | Noticed a big kobold
   351 | D        | HP: 1/20 [wolf (11)]
   355 | D        | Killed a wolf
   355 | D        | Reached skill level 5 in Ice Magic
   355 | D        | Reached XP level 3. HP: 11/26 MP: 5/7
   358 | D        | Slain by a centaur

Illustrated notes

Levels and vault maps discovered:
D:        pitsprint [storerooms_1, entrance_room_1, metal_vault_1, armoury_3,
          mini_pit_1, grid_room_1, main_hall_1, silver_pit, the_coven_3,
          the_vestibule_1, steel_vault_5, golden_pit, hallway_of_sentries,
          crystal_vault_4, iron_vault_4, final_vault]

Skill      XL: |  1  2 |
---------------+-------+-----
Dodging        | 2 3 |  3.2
Staves         | 1 2 |  2.6
Invocations    | 1 3 |  3.0
Spellcasting   | 3 |  3.3
Ice Magic      | 5 |  5.3
Stealth        | |  1.7

Action                   || total
-------------------------++-------
Melee: Quarterstaff      ||    16
       Tailslap          ||     1
 Cast: Freeze            ||    12
  Use: Potion            ||     3
 Stab: Sleeping          ||     1
       Invisible         ||     1
Armor: Skin              ||     4
Dodge: Dodged            ||    16

Table legend: (Time is in decaauts)
 A = Elapsed time spent in this place.
 B = Non-inter-level travel time spent in this place.
 C = Inter-level travel time spent in this place.
 D = Time resting spent in this place.
 E = Time spent auto-exploring this place.
 F = Levels seen in this place.
 G = Mean time per level.
                   A        B        C        D        E       F      G
               +--------+--------+--------+--------+--------+-----+--------+
         Total |    357 |    357 |      0 |    190 |      0 |   1 |  357.0 |
       Dungeon |    357 |    357 |      0 |    190 |      0 |   1 |  357.0 |
               +--------+--------+--------+--------+--------+-----+--------+

Top non-repeatable levels by time:
       D: 357 daAuts
